 Dungeon Crawl Stone Soup version 0.30.1-3-gfc49f6343a (webtiles) character file.

Game seed: 16478917559331192124

933 shmup the Sneak (level 8, 0/54 HPs)
             Began as an Octopode Brigand on July 25, 2023.
             Killed from afar by an orc wizard (9 damage)
             ... with a puff of flame
             ... on level 6 of the Dungeon.
             The game lasted 00:15:28 (4974 turns).

shmup the Sneak (Octopode Brigand)                  Turns: 4974, Time: 00:15:28

Health: 0/54       AC:  1    Str: 10    XL:     8   Next: 11%
Magic:  17/17      EV: 14    Int: 13    God:
Gold:   223        SH:  0    Dex: 16    Spells: 7/7 levels left

rFire   . . .        g - +4 dagger (speed)
rCold   + . .        (no shield)
rNeg    . . .        (helmet restricted)
rPois   +            (no amulet)
rElec   .            v - ring of magical power
rCorr   +            w - ring of protection from cold
SInv    .            E - ring of poison resistance
Will    .....        G - ring of resist corrosion
Stlth   +++++        (no ring)
HPRegen 0.29/turn    (no ring)
MPRegen 0.15/turn    (no ring)
                     (no ring)

%: no passive effects
@: no status effects
A: almost no armour, amphibious, 8 rings, camouflage 1, gelatinous body 1,
(nimble swimmer 1), tentacles
a: no special abilities


You were on level 6 of the Dungeon.
You visited 1 branch of the dungeon, and saw 6 of its levels.

You collected 293 gold pieces.
You spent 70 gold pieces at shops.

Inventory:

Hand Weapons
 a - a +2 dagger
 g - a +4 dagger of speed (weapon)
 h - a +1 dagger of venom
 n - a +1 dagger of flaming
 q - a +0 dagger of venom
Missiles
 b - 7 poisoned darts
 c - 3 curare-tipped darts
 e - 10 stones
 C - a throwing net
 N - a boomerang (quivered)
Armour
 J - a +2 buckler
Jewellery
 v - a ring of magical power (left tentacle)
 w - a ring of protection from cold (right tentacle)
 E - a ring of poison resistance (on tentacle)
 G - a ring of resist corrosion (on tentacle)
 P - a ring of ice
Wands
 I - a wand of acid (8)
 O - a wand of flame (24)
Scrolls
 d - a scroll of fear {unknown}
 i - 2 scrolls of vulnerability {unknown}
 m - a scroll of silence {unknown}
 p - 2 scrolls of immolation
 x - a scroll of blinking {unknown}
 y - a scroll of poison {unknown}
 B - 2 scrolls of identify {unknown}
 D - a scroll of noise {unknown}
 K - a scroll of amnesia {unknown}
 L - a scroll of fog {unknown}
 M - 2 scrolls of teleportation {unknown}
Potions
 f - 3 potions of might {unknown}
 j - a potion of attraction {unknown}
 k - a potion of berserk rage {unknown}
 l - 2 potions of heal wounds {unknown}
 o - a potion of lignification {unknown}
 r - 2 potions of brilliance {unknown}
 t - a potion of invisibility {unknown}
 u - a potion of haste {unknown}
 z - 5 potions of flight {unknown}
 A - 4 potions of curing
 F - a potion of mutation {unknown}
 H - 3 potions of degeneration


   Skills:
 + Level 4.4 Fighting
 + Level 4.4 Short Blades
 + Level 4.4 Throwing
 + Level 4.0 Dodging
 + Level 7.8 Stealth


You had 7 spell levels left.
You didn't know any spells.
Your spell library contained the following spells:

 Spells                   Type           Power      Damage    Failure   Level
 Frozen Ramparts          Ice            0%         1d1       67%         3
 Ice Form                 Ice/Tmut       0%         N/A       97%         4
 Summon Ice Beast         Ice/Summ       0%         N/A       97%         4


Dungeon Overview and Level Annotations

Branches:
Dungeon (6/15)
 Temple: D:4-7

Altars:
Nemelex Xobeh
Qazlal

Shops:
D:5 !(

Annotations:
D:5 1 runed translucent door, pogojo's ghost, amateur DEFE
D:6 2 transporters, Cheops's ghost, novice MiFi


Innate Abilities, Weirdness & Mutations

You cannot wear most types of armour.
You are amphibious.
You can wear up to eight rings at the same time.
Your skin changes colour to match your surroundings (Stealth+).
Your rubbery body absorbs attacks. (AC +1, EV +1)
((You are camouflaged when in or above water. (Stealth+)))
You have tentacles for arms and can constrict up to eight enemies at once.


Message History

You hear some strange, mumbled words.
You hit something. You miss something. Your squeeze misses something.
You hear some strange, mumbled words.
Something tries to affect you, but you resist.
You hit something. You squeeze something.
You hear some strange, mumbled words.
You are confused.
Something hits you.
You miss something. You miss something. Something hits you. x2
You hit something. Your squeeze misses something. You closely miss something.
Your squeeze misses something. Something completely misses you.
Something hits you.
You hit something. You hit something.
You hear some strange, mumbled words.
A puff of flame appears from out of thin air!
The puff of flame hits you!
* * * LOW HITPOINT WARNING * * *
You hear some strange, mumbled words.
Something tries to affect you, but you resist.
You miss something. Your squeeze misses something. You barely miss something.
Your squeeze misses something.
You hear some strange, mumbled words.
A magic dart appears from out of thin air!
The magic dart hits you.
* * * LOW HITPOINT WARNING * * *
You hear some strange, mumbled words.
Something tries to affect you, but you resist.
Something hits you.
* * * LOW HITPOINT WARNING * * *
Something barely misses you.
You feel less confused.
A magic dart appears from out of thin air!
The magic dart hits you!
* * * LOW HITPOINT WARNING * * *
A puff of flame appears from out of thin air!
The puff of flame hits you!
You die...

..<▒ ▒>▒ ▒........▒.▒▒▒.▒ ...▒
▒.▒▒▒........▒.▒ ▒.▒ [..▒
▒............▒.▒ ▒.▒ ...▒
▒........▒...▒.▒ ▒.▒ ...▒
▒........▒...▒.▒ ▒.▒
▒.▒▒▒........▒ ▒▒▒.▒▒▒.▒
▒▒............▒ ▒....▒▒.▒
....▒..▒▒▒▒▒▒▒▒▒▒....▒▒.▒▒▒▒▒▒
...........){...x...........>▒
....▒..▒▒▒▒▒)▒▒▒▒▒▒.▒▒▒▒▒▒▒▒▒▒
▒▒▒▒▒..▒ ▒.)......▒......▒ ▒
▒..▒ ▒.)......▒▒▒▒▒▒.▒ ▒ ▒..▒
▒.▒......▒ ▒.▒ o ...▒
▒.▒......▒ ▒.▒ .▒ .....
..▒......▒▒▒▒▒▒.▒ .▒
........▒..........▒▒.▒ .▒
..▒▒▒..........▒▒.▒


There were no monsters in sight!

Vanquished Creatures
  A sky beast (D:5)
  A black bear (D:6)
  A phantom (D:3)
  A scorpion (D:4)
  2 orc priests (D:6)
  2 hounds
  A sleepcap (D:5)
  Natasha (twice) (D:2)
  2 iguanas (D:6)
  3 orc wizards
  6 gnolls
  9 adders
  4 shadow imps (D:4)
  A white imp (D:5)
  3 ufetubi
  2 worms
  3 dart slugs
  13 orcs
  8 ball pythons
  6 endoplasms
  2 giant cockroaches (D:1)
  10 goblins
  10 hobgoblins
  2 jackals (D:1)
  6 quokkas
  6 bats
  A frilled lizard (D:2)
  4 kobolds
  6 rats
118 creatures vanquished.

Notes
Turn   | Place    | Note
-------+----------+-------------------------------------------
     0 | D:1      | shmup the Octopode Brigand began the quest for the Orb.
     0 | D:1      | Reached XP level 1. HP: 14/14 MP: 1/1
   115 | D:1      | Reached XP level 2. HP: 19/19 MP: 2/2
   211 | D:1      | Found a faded altar of an unknown god.
   426 | D:1      | Reached XP level 3. HP: 18/24 MP: 3/3
  1208 | D:2      | Reached XP level 4. HP: 26/30 MP: 4/4
  1319 | D:2      | Reached skill level 6 in Stealth
  1570 | D:2      | Noticed Natasha
  1583 | D:2      | Killed Natasha
  1584 | D:2      | Reached XP level 5. HP: 24/36 MP: 5/5
  1751 | D:2      | Noticed Natasha
  1758 | D:2      | Killed Natasha
  2015 | D:3      | Noticed a phantom
  2458 | D:4      | Reached XP level 6. HP: 42/42 MP: 6/6
  2937 | D:4      | Noticed an orc warrior
  3254 | D:3      | Reached XP level 7. HP: 31/47 MP: 7/7
  3518 | D:4      | Reached skill level 7 in Stealth
  3606 | D:5      | Entered Level 5 of the Dungeon
  3610 | D:5      | Found Imuvveurre's Distillery.
  3669 | D:5      | Bought a potion of curing for 42 gold pieces
  3669 | D:5      | Bought 2 potions of degeneration for 28 gold pieces
  3770 | D:5      | Found a runed translucent door.
  3771 | D:5      | Noticed pogojo's ghost (amateur DEFE)
  3840 | D:5      | Found a sparkling altar of Nemelex Xobeh.
  3842 | D:5      | Found a stormy altar of Qazlal.
  3872 | D:5      | Found Heophiuk's Antique Weapon Shop.
  4482 | D:6      | Found a transporter.
  4482 | D:6      | Found a transporter.
  4484 | D:6      | Noticed Cheops's ghost (novice MiFi)
  4796 | D:6      | Reached XP level 8. HP: 54/54 MP: 8/8
  4974 | D:6      | Killed from afar by an orc wizard

Illustrated notes

Levels and vault maps discovered:
D:1:      wander_arrival_fairy_ring, layout_basic,
          nicolae_ecumenical_snake_handling
D:2:      layout_loops_ring, uniq_natasha
D:3:      minmay_wonky_spiral, layout_loops_cross, minmay_misc_feat_alley
D:4:      layout_basic, serial_demonic, serial_demonic_a, serial_demonic_a,
          serial_demonic_f, serial_demonic_d, serial_demonic_c,
          guppyfry_early_orc_mine
D:5:      layout_basic, nicolae_overflow_hidden_temple,
          minmay_temple_entry_overgrown, serial_shops, shop,
          nicolae_shop_industrial_runoff, shop, nicolae_shop_behind_doors,
          gammafunk_ghost_grave
D:6:      layout_basic, gammafunk_ghost_gnarly_gnolls

Skill      XL: |  1  2  3  4  5  6  7  8 |
---------------+-------------------------+-----
Dodging        | 2 3 4 |  4.0
Stealth        | 6 7 |  7.8
Short Blades   | 3 4 |  4.4
Fighting       | 3 4 |  4.4
Throwing       | 3 4 |  4.4

Action                     |  1- 3 |  4- 6 |  7- 9 || total
---------------------------+-------+-------+-------++-------
  Melee: Dagger            |    78 |   119 |    89 ||   286
         Constrict         |    23 |    27 |    21 ||    71
         Tentacles         |    17 |    30 |    24 ||    71
         Punch             |     1 |     6 |       ||     7
  Throw: Dart              |     7 |    18 |       ||    25
         Boomerang         |     1 |     1 |     6 ||     8
    Use: Scroll            |       |     4 |       ||     4
   Stab: Sleeping          |     6 |    12 |     3 ||    21
 Armour: Skin              |     3 |     3 |       ||     6
  Dodge: Dodged            |    24 |    41 |    34 ||    99
